 Dungeon Crawl Stone Soup version 0.24-a0-475-g5b41c6f198 (webtiles) character file.

Game seed: 17602975350262651423

24516 Azzok the Eclecticist (level 12, -37/59 HPs)
             Began as a Deep Elf Fire Elementalist on July 5, 2019.
             Was an Elder of Vehumet.
             Killed from afar by a frost giant (96 damage)
             ... with a bolt of cold
             ... in an ice cave.
             The game lasted 00:28:32 (17946 turns).

Azzok the Eclecticist (Deep Elf Fire Elementalist) Turns: 17946, Time: 00:28:34

Health: -37/59     AC:  5    Str:  5    XL:     12   Next: 81%
Magic:  48/48      EV: 28    Int: 26    God:    Vehumet [****..]
Gold:   670        SH:  0    Dex: 15    Spells: 32/42 levels left

rFire    + . .     SeeInvis .   y - staff of power
rCold    x . .     Gourm    .   (no shield)
rNeg     . . .     Faith    .   a - +0 robe
rPois    .         Spirit   .   d - +1 helmet
rElec    .         Reflect  .   (no cloak)
rCorr    .         Harm     .   n - +0 pair of gloves
MR       +....                  (no boots)
Stlth    ++........             g - amulet of the acrobat
HPRegen  0.19/turn              z - ring of wizardry
MPRegen  0.31/turn              x - ring of fire

@: acrobat
A: no striking features
a: Renounce Religion


You were in an ice cave.
You worshipped Vehumet.
Vehumet was greatly pleased with you.
You were not hungry.

You visited 3 branches of the dungeon, and saw 14 of its levels.
You also visited: Ice Cave.

You collected 670 gold pieces.

Inventory:

Hand Weapons
 h - the +10 falchion of Nontokakk {freeze, rF+ MR+ Stlth+}
   (You found it on level 11 of the Dungeon)

   It has been specially enchanted to freeze those struck by it, causing extra
   injury to most foes and up to half again as much damage against particularly
   susceptible opponents.
   It can also slow down cold-blooded creatures.
   It protects you from fire.
   It affects your resistance to hostile enchantments.
   It makes you more stealthy.
Armour
 a - a +0 robe (worn)
 d - a +1 helmet (worn)
 n - a +0 pair of gloves (worn)
Magical Staves
 y - an uncursed staff of power (weapon)
Jewellery
 g - an amulet of the acrobat (around neck)
 j - an uncursed ring of see invisible
 u - an uncursed ring of protection from cold
 x - a ring of fire (right hand)
 z - a ring of wizardry (left hand)
Wands
 q - a wand of paralysis (12)
 v - a wand of scattershot (5)
 w - a wand of enslavement (8)
 A - a wand of digging (7)
 C - a wand of iceblast (13)
 F - a wand of acid (6)
 G - a wand of clouds (4)
Scrolls
 b - 5 scrolls of teleportation
 f - a scroll of fear
 i - 3 scrolls of blinking
 l - 3 scrolls of fog
 m - 3 scrolls of remove curse
 r - 2 scrolls of immolation
 s - a scroll of amnesia
 t - a scroll of magic mapping
 E - a scroll of noise {unknown}
 I - 2 scrolls of enchant armour
Potions
 e - a potion of agility
 k - 3 potions of mutation {!q}
 o - 2 potions of brilliance
 p - a potion of lignification
 B - 2 potions of flight
 D - a potion of curing {unknown}
Comestibles
 c - 12 rations
 H - 5 chunks of flesh


   Skills:
 - Level 2.4 Dodging
 - Level 2.4 Stealth
 + Level 15.8 Spellcasting
 + Level 13.4 Conjurations
 + Level 13.7 Fire Magic


You had 32 spell levels left.
You knew the following spells:

 Your Spells              Type           Power        Failure   Level  Hunger
a - Flame Tongue          Conj/Fire      #####        0%          1    None
c - Sticky Flame          Conj/Fire      #######.     1%          4    None
d - Fireball              Conj/Fire      #######...   1%          5    None

Your spell library contained the following spells:

 Spells                   Type           Power        Failure   Level  Hunger
 Static Discharge         Conj/Air       ######..     1%          3    None
 Throw Flame              Conj/Fire      ######       0%          2    None
 Apportation              Tloc           ###...       1%          1    None
 Confusing Touch          Hex            ###...       1%          1    None
 Summon Butterflies       Summ           ###.....     1%          1    None
 Conjure Flame            Conj/Fire      #######.     1%          3    None
 Inner Flame              Hex/Fire       ######..     1%          3    None
 Confuse                  Hex            ###.....     3%          3    None
 Gell's Gravitas          Tloc           ###.......   3%          3    None
 Lesser Beckoning         Tloc           ###.......   3%          3    None
 Tukima's Dance           Hex            ###.....     3%          3    None
 Yara's Violent Unravell  Hex/Tmut       ###.......   8%          5    None
 Petrify                  Tmut/Erth      ###.....     11%         4    None
 Alistair's Intoxication  Tmut/Pois      ###.....     26%         5    None
 Metabolic Englaciation   Hex/Ice        ###.......   26%         5    None
 Invisibility             Hex            ###.....     80%         6    ####...


Dungeon Overview and Level Annotations

Branches:
Dungeon (12/15)            Temple (1/1) D:7            Lair (1/6) D:10
    Orc: D:9-12

Altars:
Ashenzari
Cheibriados
Dithmenos
Elyvilon
Fedhas
Gozag
Hepliaklqana
Kikubaaqudgha
Makhleb
Nemelex Xobeh
Okawaru
Qazlal
Ru
Sif Muna
Trog
Uskayaw
Vehumet
Wu Jian
Xom
Yredelemnul
Zin
The Shining One

Shops:
D:5 [

Portals:
Trove: D:11 (give 11 potions of heal wounds)

Annotations:
D:6 exclusion: downstairs
D:12 Azrael, Nessos


Message History

Aim: a polar bear (moderately wounded)
You feel a surge of power!
The fireball explodes!
The fireball engulfs the polar bear!!!
You kill the polar bear!
Vehumet accepts your kill.
You butcher the polar bear corpse.
H - 5 chunks of flesh You see here a polar bear skeleton. x2
There is a fountain of sparkling water here.
A yak, 4 polar bears, a rime drake and a frost giant come into view.
The frost giant is wielding a +0 battleaxe of freezing.
The polar bear growls angrily.
The frost giant shouts!
The polar bear growls angrily.
You hear a bellow!
The polar bear growls angrily.
A yak comes into view.
The frost giant gestures at you while chanting.
The bolt of cold hits the polar bear!
The polar bear resists.
The bolt of cold hits you!!!!
You feel a terrible chill!
Ouch! That really hurt!
You die...

▒·▒▒ ▒··▒
▒▒▒▒▒··▒ ▒··▒▒
▒▒·▒▒▒▒··▒▒▒·▒
▒▒··▒▒▒÷·▒
▒·⌠▒▒▒··▒
▒···▒··▒▒
▒···▒▒·▒▒
▒▒·····▒
▒··▒···▒
▒····▒▒
▒▒·▒··▒▒
▒▒··▒▒
▒▒·▒▒▒▒▒ ▒··▒
▒·▒▒·▒▒ ▒▒▒▒·▒
▒▒·▒@·▒
▒▒·▒·▒▒
▒▒·▒·hY···▒
▒·▒·▒▒
▒·▒·hCY▒$|
▒▒·▒▒ ▒▒▒▒hk·▒
▒▒▒ ▒·▒▒ ▒▒


You could see a frost giant, 3 polar bears, 2 yaks and a rime drake (wandering).

Vanquished Creatures
  Josephine (D:11)
  Harold (D:7)
  2 two-headed ogres
  Erica (D:8)
  2 death yaks (IceCv)
  An unseen horror (D:10)
  A manticore (D:11)
  An ugly thing (D:12)
  Maurice (D:9)
  Psyche (D:12)
  An ice statue (IceCv)
  Joseph (D:8)
  A gargoyle (D:11)
  A komodo dragon (D:10)
  A rime drake (IceCv)
  A troll (D:12)
  9 polar bears (IceCv)
  A hornet (D:10)
  3 hippogriffs
  A spriggan (D:8)
  A wyvern (D:12)
  4 wraiths
  Sigmund (D:6)
  25 yaks
  Eustachio (D:4)
  Menkaure (D:5)
  A steam dragon (D:11)
  A porcupine (Lair:1)
  4 water moccasins
  7 orc warriors
  3 ice beasts
  A sky beast (D:10)
  5 ogres
  5 phantoms
  A necrophage (D:12)
  12 wolves (IceCv)
  10 centaurs
  A big kobold (D:11)
  16 bullfrogs
  Blork the orc (D:4)
  6 scorpions
  13 killer bees
  A wight (D:8)
  11 howler monkeys
  3 crimson imps
  3 centaur zombies
  2 bullfrog zombies
  2 quasits
  4 hounds
  2 bullfrog skeletons
  A jelly (D:5)
  4 orc priests
  2 centaur skeletons
  13 orc wizards
  3 iguanas
  9 worker ants
  A hound skeleton (D:4)
  A worker ant zombie (D:9)
  Robin (D:3)
  10 gnolls
  13 adders
  2 shadow imps
  An ooze (D:1)
  An adder skeleton (D:4)
  4 worms
  2 dart slugs (D:1)
  10 leopard geckos
  52 orcs
  3 ball pythons
  8 bats
  6 giant cockroaches
  14 goblins
  12 hobgoblins
  12 jackals
  4 quokkas
  4 frilled lizards
  8 kobolds
  9 rats
390 creatures vanquished.

Notes
Turn   | Place    | Note
-------+----------+-------------------------------------------
     0 | D:1      | Azzok the Deep Elf Fire Elementalist began the quest for
                  | the Orb.
     0 | D:1      | Reached XP level 1. HP: 10/10 MP: 6/6
   156 | D:1      | Reached XP level 2. HP: 15/15 MP: 6/8
   521 | D:1      | Reached XP level 3. HP: 19/19 MP: 8/10
  1156 | D:2      | Reached skill level 4 in Spellcasting
  1196 | D:2      | Reached XP level 4. HP: 23/24 MP: 7/12
  1472 | D:2      | Found a sparkling altar of Nemelex Xobeh.
  1663 | D:2      | Found a burning altar of Makhleb.
  1700 | D:2      | Learned a level 4 spell: Sticky Flame
  1806 | D:2      | Reached XP level 5. HP: 28/28 MP: 12/14
  1814 | D:2      | Learned a level 5 spell: Fireball
  2196 | D:2      | Found an opulent altar of Gozag.
  2205 | D:2      | Found a bloodstained altar of Trog.
  2590 | D:3      | Reached skill level 5 in Spellcasting
  2597 | D:3      | Noticed Robin
  2850 | D:3      | Killed Robin
  2998 | D:3      | Reached skill level 5 in Fire Magic
  3393 | D:3      | Reached XP level 6. HP: 32/32 MP: 13/16
  4287 | D:4      | Reached skill level 6 in Spellcasting
  4420 | D:4      | Noticed Eustachio
  4441 | D:4      | Killed Eustachio
  4441 | D:4      | Reached XP level 7. HP: 23/36 MP: 9/18
  4661 | D:4      | Reached skill level 5 in Conjurations
  4875 | D:4      | Noticed Blork the orc
  4885 | D:4      | Killed Blork the orc
  5008 | D:4      | Reached skill level 7 in Spellcasting
  5161 | D:5      | Entered Level 5 of the Dungeon
  5161 | D:5      | Noticed Menkaure
  5163 | D:5      | Killed Menkaure
  5411 | D:5      | Found Jeutso's Armour Boutique.
  5423 | D:5      | Reached XP level 8. HP: 36/41 MP: 11/21
  5606 | D:5      | Reached skill level 8 in Spellcasting
  6564 | D:6      | Reached skill level 9 in Spellcasting
  6790 | D:6      | Noticed Sigmund
  6794 | D:6      | Killed Sigmund
  6926 | D:6      | Reached XP level 9. HP: 45/45 MP: 13/24
  7066 | D:6      | Found a bloodstained altar of Trog.
  7389 | D:6      | Found an iron altar of Okawaru.
  7479 | D:7      | Found a stormy altar of Qazlal.
  7591 | D:7      | Noticed Harold
  7813 | D:7      | Reached skill level 10 in Spellcasting
  8286 | D:7      | Found a blossoming altar of Fedhas.
  8311 | D:7      | Found a burning altar of Makhleb.
  8784 | D:7      | Killed Harold
  8784 | D:7      | Reached skill level 11 in Spellcasting
  8784 | D:7      | Reached XP level 10. HP: 50/50 MP: 5/27
  8972 | D:7      | Found a staircase to the Ecumenical Temple.
  8988 | Temple   | Entered the Ecumenical Temple
  9060 | Temple   | Became a worshipper of Vehumet
  9397 | D:8      | Reached skill level 10 in Fire Magic
  9453 | D:8      | Noticed Erica
  9457 | D:8      | Killed Erica
  9858 | D:8      | Noticed Joseph
  9860 | D:8      | Killed Joseph
  9860 | D:8      | Reached skill level 12 in Spellcasting
  9860 | D:8      | Reached skill level 10 in Conjurations
 10980 | D:8      | Reached * piety under Vehumet
 10980 | D:8      | Offered knowledge of Shock by Vehumet.
 11116 | D:9      | Found a shadowy altar of Dithmenos.
 11512 | D:9      | Noticed Maurice
 11515 | D:9      | Killed Maurice
 11515 | D:9      | Reached XP level 11. HP: 54/54 MP: 18/29
 11746 | D:9      | Found a shimmering altar of Xom.
 11942 | D:9      | Found a glowing golden altar of the Shining One.
 12025 | D:9      | Found a basalt altar of Yredelemnul.
 12328 | D:10     | Entered Level 10 of the Dungeon
 12744 | D:10     | Reached skill level 13 in Spellcasting
 13077 | D:10     | Reached ** piety under Vehumet
 13077 | D:10     | Offered knowledge of Sting by Vehumet.
 13127 | D:10     | Noticed a two-headed ogre
 13132 | D:10     | Killed a two-headed ogre
 13506 | D:10     | Killed an unseen horror
 13552 | D:10     | HP: 1/54 [wraith (13)]
 13776 | D:9      | Found a hazy altar of Hepliaklqana.
 14112 | D:10     | Found a staircase to the Lair.
 14362 | D:11     | Noticed Josephine
 15062 | D:11     | Found a portal to a secret trove of treasure.
 15089 | D:11     | Killed Josephine
 15089 | D:11     | Reached skill level 14 in Spellcasting
 15205 | D:11     | Offered knowledge of Searing Ray by Vehumet.
 15242 | D:11     | Noticed a two-headed ogre
 15250 | D:11     | Killed a two-headed ogre
 15496 | D:11     | Got a transparent falchion
 15749 | D:12     | Noticed Psyche
 15764 | D:12     | Noticed a cyan ugly thing
 15766 | D:12     | Killed a cyan ugly thing
 15846 | D:12     | Reached XP level 12. HP: 59/59 MP: 32/32
 15847 | D:12     | Reached *** piety under Vehumet
 15859 | D:12     | Killed Psyche
 16110 | D:12     | Noticed Azrael
 16162 | D:12     | Offered knowledge of Throw Icicle by Vehumet.
 16165 | D:12     | Noticed Nessos
 16366 | D:11     | HP: 2/59 [poisoned by Nessos]
 16720 | Lair:1   | Entered Level 1 of the Lair of Beasts
 16720 | Lair:1   | Found a frozen archway.
 16721 | Lair:1   | Identified the +10 falchion of Nontokakk {freeze, rF+ MR+
                  | Stlth+} (You found it on level 11 of the Dungeon)
 16731 | IceCv    | Entered an ice cave
 16907 | IceCv    | Reached skill level 15 in Spellcasting
 17127 | IceCv    | Noticed a death yak
 17130 | IceCv    | Killed a death yak
 17235 | IceCv    | Reached **** piety under Vehumet
 17371 | IceCv    | Offered knowledge of Static Discharge by Vehumet.
 17561 | IceCv    | Noticed a death yak
 17787 | IceCv    | Killed a death yak
 17946 | IceCv    | Noticed a frost giant
 17946 | IceCv    | Killed from afar by a frost giant

Levels and vault maps discovered:
D:1:      dpeg_arrival_boxes_within_box, layout_loops_ring, serial_glass,
          glass_columns_a, glass_columns_b
D:2:      minmay_spotlight, layout_loops_corners,
          nemelex_xobeh_ov_fountains_minmay, grunt_temple_overflow_open,
          nicolae_overflow_crystal_walls, first_ration
D:3:      layout_loops_ring, uniq_robin
D:4:      layout_loops_ring, uniq_blork_the_orc, uniq_eustachio
D:5:      layout_basic, serial_shops, shop, uniq_menkaure
D:6:      layout_rooms, okawaru_trees_2, trog_butcher_becter, uniq_sigmund
D:7:      layout_cave_pools, grunt_temple_overflow_forces_of_nature,
          minmay_temple_entry_mini_moons, bloody_makhleb, uniq_harold
D:8:      layout_basic, grunt_pizzeria, fountainhead, minmay_increasing_density,
          uniq_erica, uniq_joseph
D:9:      layout_roguey, xom_butterflies, tso_metal_star,
          lemuel_coloured_pillars_altar, nicolae_overflow_hidden_temple,
          grunt_dithmenos_smoke, uniq_maurice
D:10:     layout_loops_corners, lair_entry_dummy, serial_bayou_pond_c,
          grunt_potential
D:11:     layout_irregular_city, nicolae_trove_entry_free_sample,
          serial_column_ruins, column_ruins_corridor_straight,
          column_ruins_grid_3, column_ruins_grid_1,
          column_ruins_corridor_straight, column_ruins_corridor_corner,
          column_ruins_grid_1, uniq_josephine
D:12:     layout_rooms, erik_orc_2, serial_shops, nicolae_shop_crystal,
          hangedman_tell_no_tales, uniq_nessos, uniq_azrael, uniq_psyche
Temple:   zaba_magenta_temple
Lair:1:   layout_cave_shapes, portal_ice_cave_entry_pillars_1
IceCv:    ice_cave_caverns_01

Skill      XL: |  1  2  3  4  5  6  7  8  9 10 11 12 |
---------------+-------------------------------------+-----
Conjurations   | 2 3 4 5 7 9 10 12 13 | 13.4
Spellcasting   | 4 5 6 7 9 11 12 14 15 | 15.8
Fire Magic     | 4 5 6 8 9 11 12 13 | 13.7
Dodging        | |  2.4
Stealth        | |  2.4

Action                   |  1- 3 |  4- 6 |  7- 9 | 10-12 || total
-------------------------+-------+-------+-------+-------++-------
Melee: Mace              |       |     8 |   217 |    20 ||   245
       Unarmed           |       |     2 |       |       ||     2
       Dagger            |       |       |       |   191 ||   191
Throw: Throwing net      |       |       |       |     1 ||     1
 Cast: Flame Tongue      |    50 |   157 |   109 |    63 ||   379
       Sticky Flame      |       |     2 |    14 |    17 ||    33
       Fireball          |       |       |    47 |   202 ||   249
  Use: Potion            |       |       |       |     4 ||     4
       Scroll            |       |       |       |    19 ||    19
  Eat: Chunk             |     1 |    10 |    16 |    27 ||    54
       Ration            |       |       |     2 |     4 ||     6
Armor: Robe              |     4 |    19 |   101 |    45 ||   169
       Skin              |       |       |       |    24 ||    24
Dodge: Dodged            |     8 |    74 |   201 |   163 ||   446

Table legend:
 A = Non-vault XP
 B = Vault XP
 C = Vault XP percentage of total XP
 D = Non-vault monster count
 E = Vault monster count
 F = Vault count percentage of total count
                 A         B        C        D         E       F
            +---------+---------+-------+---------+---------+-------
      Total |   16922 |   18102 |  51.7 |     297 |      93 |  23.8
            +---------+---------+-------+---------+---------+-------
        D:1 |      62 |       0 |   0.0 |      28 |       0 |   0.0
        D:2 |     173 |       9 |   4.9 |      27 |       4 |  12.9
        D:3 |     175 |      33 |  15.9 |      34 |      11 |  24.4
        D:4 |     439 |     281 |  39.0 |      16 |       2 |  11.1
        D:5 |     506 |     175 |  25.7 |      20 |       1 |   4.8
        D:6 |    1103 |     449 |  28.9 |      16 |       5 |  23.8
        D:7 |    1907 |    1002 |  34.4 |      31 |       1 |   3.1
        D:8 |    1544 |    1970 |  56.1 |      26 |       9 |  25.7
        D:9 |    1499 |     462 |  23.6 |      29 |       1 |   3.3
       D:10 |    3431 |     997 |  22.5 |      24 |       8 |  25.0
       D:11 |    3258 |    1524 |  31.9 |      23 |       3 |  11.5
       D:12 |    2680 |     623 |  18.9 |      22 |       3 |  12.0
     Lair:1 |     145 |       0 |   0.0 |       1 |       0 |   0.0
      IceCv |       0 |   10577 | 100.0 |       0 |      45 | 100.0
            +---------+---------+-------+---------+---------+-------
